[ AOE2 MATCH · #476413213 ]
UnrankedCumans vs Tupi
[ REPLAY ANALYSIS · EXTRACTED FROM THE RECORDED GAME ]
Feudal
8:51
Castle
19:47
Imperial
30:43
| APM avg | 45.9 |
| APM peak | 79 |
| eAPM avg | 29.3 |
| Villagers / military | 163 / 173 |
Focus
⚔️ 43.6% · 🌾 56.4%
Knight ×63 · Kipchak ×44 · Scout Cavalry ×39 · Battering Ram ×13 · Trebuchet (Packed) ×7 · Mangonel ×3
Feudal
10:58
Castle
15:00
Imperial
28:45
| APM avg | 43.4 |
| APM peak | 97 |
| eAPM avg | 21.6 |
| Villagers / military | 122 / 114 |
Focus
⚔️ 19.6% · 🌾 80.4%
Spearman ×107 · Unknown (2579) ×43 · Unknown (2550) ×8 · Battering Ram ×3 · Monk ×2 · Trebuchet (Packed) ×2
Feudal
11:24
Castle
15:02
Imperial
30:15
| APM avg | 28.4 |
| APM peak | 50 |
| eAPM avg | 14.6 |
| Villagers / military | 117 / 148 |
Focus
⚔️ 34.9% · 🌾 65.1%
Samurai ×72 · Skirmisher ×63 · Trebuchet (Packed) ×6 · Battering Ram ×4 · Petard ×3
Feudal
12:33
Castle
17:44
Imperial
41:46
| APM avg | 28.4 |
| APM peak | 72 |
| eAPM avg | 13.1 |
| Villagers / military | 89 / 83 |
Focus
⚔️ 38.1% · 🌾 61.9%
Spearman ×82 · Unknown (1968) ×30 · Unknown (1944) ×14 · Monk ×1
Feudal
10:56
Castle
14:50
Imperial
31:13
| APM avg | 27.9 |
| APM peak | 83 |
| eAPM avg | 14.6 |
| Villagers / military | 165 / 161 |
Focus
⚔️ 20.6% · 🌾 79.4%
Tarkan ×153 · Petard ×8
Feudal
10:26
Castle
18:19
Imperial
—
| APM avg | 19.4 |
| APM peak | 48 |
| eAPM avg | 13.8 |
| Villagers / military | 97 / 91 |
Focus
⚔️ 29.7% · 🌾 70.3%
Spearman ×65 · Woad Raider ×17 · Scorpion ×8 · Mangonel ×1
Feudal
10:32
Castle
16:09
Imperial
—
| APM avg | 19.4 |
| APM peak | 82 |
| eAPM avg | 8.0 |
| Villagers / military | 54 / 25 |
Focus
⚔️ 21.5% · 🌾 78.5%
Arambai ×17 · Monk ×4 · Petard ×4
Feudal
10:14
Castle
15:51
Imperial
29:56
| APM avg | 34.5 |
| APM peak | 73 |
| eAPM avg | 17.9 |
| Villagers / military | 178 / 67 |
Focus
⚔️ 20.9% · 🌾 79.1%
Knight ×59 · Monk ×5 · Spearman ×3
Match map
Initial resources + every placement click. Lines = walls · curves = elevation contours. ◆ gold · ⬟ stone · ● berries · ✦ relic · ◌ wall gap
Your base· ✓ Closed at 19:47 · 2t walls · 2 gate(s)
Jinxo's base· ✓ Closed at 15:00 · 0t walls · 2 gate(s)
Ahmad Kalashnikov's base· ✓ Closed at 15:02 · 0t walls · 5 gate(s)
El_Warnersito's base· ✓ Closed at 17:44 · 0t walls · 2 gate(s)
doyasan1_twitch's base· ✓ Closed at 14:50 · 0t walls · 3 gate(s)
779215421's base· ✓ Closed at 18:19 · 0t walls · 2 gate(s)
ChoG4n's base· ✓ Closed at 16:09 · 0t walls · 2 gate(s)
GIORK's base· ✓ Closed at 15:51 · 0t walls · 2 gate(s)
Smoothed initial terrain · ◌ = detected wall gap · hover for details
Inputs per minute
— Alt+F4 | Haise - - Jinxo
Build order — Alt+F4 | Haise
First 150 of 521 actions detected
| 0:00 | Create | Villager (Male) ×4 |
| 0:02 | Build | House |
| 0:03 | Build | House |
| 1:26 | Create | Villager (Male) |
| 1:56 | Create | Villager (Male) |
| 2:25 | Create | Villager (Male) |
| 2:36 | Build | Lumber Camp |
| 2:44 | Create | Villager (Male) |
| 2:53 | Create | Villager (Male) |
| 3:36 | Create | Villager (Male) |
| 3:36 | Create | Villager (Male) |
| 3:36 | Create | Villager (Male) |
| 3:50 | Create | Villager (Male) |
| 3:52 | Build | House |
| 4:42 | Create | Villager (Male) |
| 4:52 | Create | Villager (Male) |
| 5:33 | Build | Mill |
| 5:36 | Create | Villager (Male) |
| 5:53 | Create | Villager (Male) |
| 6:32 | Research | Feudal Age |
| 8:24 | Create | Villager (Male) |
| 8:24 | Create | Villager (Male) |
| 8:32 | Build | House |
| 8:51 | Age | Feudal Age |
| 8:54 | Build | Town Center |
| 9:00 | Research | Double-Bit Axe |
| 9:02 | Research | Horse Collar |
| 9:13 | Create | Villager (Male) |
| 9:31 | Create | Villager (Male) |
| 9:52 | Create | Villager (Male) |
| 10:06 | Create | Villager (Male) |
| 10:26 | Create | Villager (Male) |
| 10:31 | Research | Wheelbarrow |
| 10:31 | Create | Villager (Male) |
| 10:38 | Create | Villager (Male) |
| 10:43 | Build | Farm |
| 10:58 | Build | House |
| 11:07 | Create | Villager (Male) |
| 11:16 | Create | Villager (Male) |
| 11:22 | Build | Farm |
| 11:27 | Build | Farm |
| 11:30 | Build | House |
| 11:41 | Create | Villager (Male) |
| 11:43 | Build | Farm |
| 11:45 | Create | Villager (Male) |
| 11:56 | Build | House |
| 12:00 | Create | Villager (Male) |
| 12:10 | Build | Farm |
| 12:15 | Build | Farm |
| 12:18 | Create | Villager (Male) |
| 12:22 | Build | House |
| 12:33 | Create | Villager (Male) |
| 12:37 | Create | Villager (Male) |
| 12:42 | Build | Farm |
| 12:51 | Build | Farm |
| 13:00 | Create | Villager (Male) |
| 13:02 | Build | House |
| 13:04 | Create | Villager (Male) |
| 13:07 | Build | Farm |
| 13:09 | Create | Villager (Male) |
| 13:12 | Build | Farm |
| 13:26 | Create | Villager (Male) |
| 13:31 | Build | House |
| 13:33 | Create | Villager (Male) |
| 13:44 | Create | Villager (Male) |
| 13:48 | Build | Blacksmith |
| 13:51 | Create | Villager (Male) |
| 14:08 | Build | Farm |
| 14:10 | Create | Villager (Male) |
| 14:16 | Build | Farm |
| 14:18 | Create | Villager (Male) |
| 14:22 | Create | Villager (Male) |
| 14:30 | Build | Farm |
| 14:41 | Create | Villager (Male) |
| 14:45 | Create | Villager (Male) |
| 14:49 | Build | Farm |
| 14:50 | Create | Villager (Male) |
| 14:51 | Build | House |
| 14:52 | Create | Villager (Male) |
| 14:56 | Build | Farm |
| 14:58 | Create | Villager (Male) |
| 15:01 | Build | Farm |
| 15:06 | Create | Villager (Male) |
| 15:14 | Create | Villager (Male) |
| 15:27 | Create | Villager (Male) |
| 15:31 | Build | Market |
| 15:33 | Create | Villager (Male) |
| 15:39 | Build | House |
| 15:58 | Create | Villager (Male) |
| 16:03 | Build | Lumber Camp |
| 16:08 | Create | Villager (Male) |
| 16:14 | Create | Villager (Male) |
| 16:18 | Build | Farm |
| 16:20 | Build | Farm |
| 16:22 | Create | Villager (Male) |
| 16:25 | Create | Villager (Male) |
| 16:28 | Create | Villager (Male) |
| 16:42 | Create | Villager (Male) |
| 16:47 | Build | Farm |
| 16:50 | Build | Farm |
| 16:52 | Create | Villager (Male) |
| 16:56 | Build | Farm |
| 16:58 | Create | Villager (Male) |
| 17:05 | Research | Castle Age |
| 17:07 | Build | Farm |
| 17:09 | Build | House |
| 17:12 | Build | House |
| 17:15 | Create | Villager (Male) |
| 17:22 | Build | Farm |
| 17:25 | Research | Loom |
| 17:26 | Create | Villager (Male) |
| 17:43 | Build | House |
| 17:44 | Create | Villager (Male) |
| 17:54 | Create | Villager (Male) |
| 18:00 | Build | Mining Camp |
| 18:03 | Create | Villager (Male) |
| 18:11 | Build | House |
| 18:12 | Build | House |
| 18:13 | Create | Villager (Male) |
| 18:23 | Build | Barracks |
| 18:31 | Build | Barracks |
| 18:36 | Create | Villager (Male) |
| 18:38 | Create | Villager (Male) |
| 18:41 | Build | Farm |
| 18:42 | Build | Farm |
| 18:45 | Build | Farm |
| 18:46 | Build | Mill |
| 18:48 | Create | Villager (Male) |
| 18:54 | Create | Villager (Male) |
| 19:11 | Build | Palisade Wall |
| 19:12 | Build | Palisade Wall |
| 19:14 | Build | Barracks |
| 19:41 | Build | Barracks |
| 19:45 | Create | Villager (Male) |
| 19:47 | Build | Farm |
| 19:47 | Age | Castle Age |
| 19:49 | Build | House |
| 19:52 | Create | Villager (Male) |
| 19:59 | Build | Mining Camp |
| 20:04 | Create | Villager (Male) |
| 20:08 | Build | Town Center |
| 20:42 | Create | Villager (Male) |
| 20:46 | Build | Stable |
| 20:47 | Build | Stable |
| 20:52 | Build | Palisade Wall |
| 20:53 | Build | Palisade Wall |
| 20:54 | Build | Palisade Wall |
| 20:55 | Build | Palisade Wall |
| 20:57 | Build | Palisade Wall |
| 20:58 | Build | Palisade Wall |
Build order — Jinxo
First 150 of 331 actions detected
| 0:02 | Create | Villager (Male) |
| 0:02 | Create | Villager (Male) |
| 0:02 | Create | Villager (Male) |
| 0:03 | Create | Villager (Male) |
| 0:03 | Create | Villager (Male) |
| 0:12 | Build | House |
| 0:16 | Build | House |
| 1:16 | Create | Villager (Male) |
| 1:16 | Create | Villager (Male) |
| 1:43 | Create | Villager (Male) |
| 2:03 | Build | Settlement |
| 2:33 | Create | Villager (Male) |
| 2:33 | Create | Villager (Male) |
| 2:52 | Create | Villager (Male) |
| 3:29 | Build | House |
| 3:30 | Build | House |
| 3:42 | Create | Villager (Male) |
| 3:42 | Create | Villager (Male) |
| 3:42 | Create | Villager (Male) |
| 4:00 | Create | Villager (Male) |
| 4:43 | Create | Villager (Male) |
| 4:44 | Create | Villager (Male) |
| 4:44 | Create | Villager (Male) |
| 4:50 | Build | Settlement |
| 5:48 | Create | Villager (Male) |
| 5:48 | Create | Villager (Male) |
| 5:48 | Create | Villager (Male) |
| 6:18 | Build | Settlement |
| 6:59 | Create | Villager (Male) |
| 7:17 | Create | Villager (Male) |
| 7:45 | Build | Farm |
| 7:46 | Create | Villager (Male) |
| 7:57 | Create | Villager (Male) |
| 8:14 | Build | Farm |
| 8:24 | Research | Feudal Age |
| 8:39 | Build | Farm |
| 9:21 | Create | Villager (Male) |
| 9:21 | Create | Villager (Male) |
| 9:22 | Research | Loom |
| 9:41 | Build | House |
| 9:52 | Build | Outpost |
| 10:58 | Age | Feudal Age |
| 11:09 | Build | Market |
| 11:12 | Build | Blacksmith |
| 11:28 | Build | Outpost |
| 12:20 | Research | Castle Age |
| 12:45 | Build | House |
| 13:51 | Research | Horse Collar |
| 13:55 | Research | Double-Bit Axe |
| 13:59 | Research | Gold Mining |
| 15:00 | Age | Castle Age |
| 15:11 | Build | Town Center |
| 15:15 | Create | Villager (Male) |
| 15:24 | Research | Heavy Plow |
| 15:24 | Research | Heavy Plow |
| 15:30 | Create | Villager (Male) |
| 15:48 | Build | Outpost |
| 16:06 | Create | Villager (Male) |
| 16:11 | Research | Bow Saw |
| 16:21 | Create | Villager (Male) |
| 16:39 | Build | Farm |
| 16:46 | Create | Villager (Male) |
| 16:55 | Build | House |
| 16:56 | Create | Villager (Male) |
| 17:03 | Create | Villager (Male) |
| 17:15 | Build | Farm |
| 17:38 | Build | Monastery |
| 17:42 | Create | Villager (Male) |
| 17:52 | Build | Farm |
| 17:57 | Create | Villager (Male) |
| 17:58 | Create | Villager (Male) |
| 18:01 | Build | Farm |
| 18:16 | Build | Farm |
| 18:17 | Create | Villager (Male) |
| 18:17 | Create | Villager (Male) |
| 18:23 | Create | Monk |
| 18:26 | Build | Farm |
| 18:42 | Build | Farm |
| 18:44 | Build | Farm |
| 18:46 | Create | Villager (Male) |
| 18:49 | Build | Farm |
| 19:01 | Build | Farm |
| 19:06 | Create | Villager (Male) |
| 19:06 | Create | Villager (Male) |
| 19:09 | Build | Farm |
| 19:20 | Build | Castle |
| 19:26 | Create | Villager (Male) |
| 19:26 | Create | Villager (Male) |
| 19:30 | Build | Farm |
| 19:35 | Create | Villager (Male) |
| 19:40 | Build | Farm |
| 19:50 | Create | Villager (Male) |
| 19:53 | Create | Monk |
| 20:05 | Create | Villager (Male) |
| 20:06 | Create | Villager (Male) |
| 20:08 | Build | Farm |
| 20:13 | Create | Villager (Male) |
| 20:13 | Create | Villager (Male) |
| 20:19 | Build | House |
| 20:21 | Build | House |
| 20:26 | Create | Villager (Male) |
| 20:26 | Create | Villager (Male) |
| 20:31 | Build | Farm |
| 20:59 | Research | Wheelbarrow |
| 21:03 | Build | Farm |
| 21:07 | Build | Farm |
| 21:08 | Create | Villager (Male) |
| 21:20 | Create | Villager (Male) |
| 21:31 | Build | Town Center |
| 21:37 | Create | Villager (Male) |
| 21:38 | Create | Villager (Male) |
| 21:44 | Build | Farm |
| 21:46 | Create | Villager (Male) |
| 21:56 | Create | Villager (Male) |
| 22:04 | Create | Unit 2579 |
| 22:24 | Create | Villager (Male) |
| 22:27 | Build | Farm |
| 22:30 | Build | Farm |
| 22:32 | Create | Villager (Male) |
| 22:32 | Create | Villager (Male) |
| 22:43 | Create | Villager (Male) |
| 22:44 | Create | Villager (Male) |
| 22:51 | Build | Farm |
| 22:57 | Create | Villager (Male) |
| 22:59 | Create | Unit 2579 |
| 23:16 | Research | Fletching |
| 23:17 | Create | Villager (Male) |
| 23:21 | Build | Farm |
| 23:23 | Build | Farm |
| 23:28 | Build | House |
| 23:35 | Create | Villager (Male) |
| 23:36 | Create | Unit 2579 |
| 23:43 | Build | Farm |
| 23:44 | Create | Villager (Male) |
| 23:58 | Build | University |
| 23:59 | Create | Villager (Male) |
| 24:06 | Create | Villager (Male) |
| 24:07 | Create | Villager (Male) |
| 24:12 | Build | Farm |
| 24:14 | Create | Villager (Male) |
| 24:19 | Build | Farm |
| 24:31 | Create | Unit 2579 |
| 24:33 | Create | Villager (Male) |
| 24:45 | Create | Villager (Male) |
| 24:49 | Build | Farm |
| 24:52 | Build | Farm |
| 25:07 | Build | House |
| 25:14 | Create | Villager (Male) |
| 25:16 | Create | Unit 2579 |
| 25:25 | Build | Barracks |
Build order — Ahmad Kalashnikov
First 150 of 357 actions detected
| 0:02 | Create | Villager (Male) ×4 |
| 0:02 | Create | Villager (Male) ×4 |
| 0:04 | Build | House |
| 0:05 | Build | House |
| 1:24 | Create | Villager (Male) |
| 1:53 | Create | Villager (Male) |
| 1:53 | Create | Villager (Male) |
| 1:56 | Build | Lumber Camp |
| 2:11 | Create | Villager (Male) |
| 2:11 | Create | Villager (Male) |
| 2:44 | Create | Villager (Male) |
| 2:44 | Create | Villager (Male) |
| 3:04 | Create | Villager (Male) |
| 3:04 | Create | Villager (Male) |
| 3:26 | Build | House |
| 3:28 | Build | House |
| 3:29 | Build | House |
| 3:35 | Create | Villager (Male) |
| 3:35 | Create | Villager (Male) |
| 4:01 | Create | Villager (Male) |
| 4:02 | Create | Villager (Male) |
| 4:24 | Create | Villager (Male) |
| 4:41 | Build | Mill |
| 4:53 | Build | Palisade Gate |
| 4:57 | Build | House |
| 5:01 | Create | Villager (Male) |
| 5:01 | Create | Villager (Male) |
| 5:07 | Build | House |
| 5:43 | Create | Villager (Male) |
| 5:55 | Create | Villager (Male) |
| 6:20 | Create | Villager (Male) |
| 6:44 | Create | Villager (Male) |
| 6:51 | Create | Villager (Male) |
| 7:12 | Create | Villager (Male) |
| 7:37 | Build | Farm |
| 7:45 | Create | Villager (Male) |
| 8:02 | Build | Farm |
| 8:29 | Build | Mining Camp |
| 8:39 | Create | Villager (Male) |
| 9:14 | Research | Feudal Age |
| 9:52 | Build | Farm |
| 10:00 | Build | Farm |
| 10:01 | Build | Farm |
| 10:04 | Build | Farm |
| 11:00 | Create | Villager (Male) |
| 11:01 | Create | Villager (Male) |
| 11:24 | Age | Feudal Age |
| 11:26 | Build | Market |
| 11:29 | Build | Blacksmith |
| 12:22 | Research | Castle Age |
| 12:22 | Research | Castle Age |
| 12:50 | Research | Double-Bit Axe |
| 13:05 | Research | Horse Collar |
| 13:36 | Build | Gate |
| 13:44 | Build | House |
| 13:45 | Build | House |
| 13:48 | Build | Outpost |
| 14:52 | Create | Villager (Male) |
| 14:52 | Create | Villager (Male) |
| 14:59 | Build | House |
| 15:02 | Age | Castle Age |
| 15:09 | Research | Loom |
| 15:24 | Build | Siege Workshop |
| 15:32 | Build | Outpost |
| 15:36 | Build | Outpost |
| 15:40 | Create | Villager (Male) |
| 16:06 | Build | Castle |
| 16:07 | Build | Farm |
| 16:11 | Create | Villager (Male) |
| 16:11 | Create | Villager (Male) |
| 16:16 | Build | Mining Camp |
| 16:35 | Create | Villager (Male) |
| 16:37 | Build | Farm |
| 16:46 | Build | Outpost |
| 17:09 | Research | Town Watch |
| 17:28 | Create | Villager (Male) |
| 17:52 | Build | House |
| 17:53 | Build | House |
| 17:56 | Build | Palisade Gate |
| 17:58 | Build | Palisade Wall |
| 18:07 | Create | Villager (Male) |
| 18:16 | Research | Gold Mining |
| 18:20 | Create | Villager (Male) |
| 18:39 | Build | Farm |
| 18:40 | Build | Farm |
| 18:47 | Create | Petard |
| 18:47 | Create | Petard |
| 18:57 | Create | Villager (Male) |
| 19:03 | Build | Town Center |
| 19:10 | Build | Outpost |
| 19:18 | Create | Villager (Male) |
| 19:25 | Research | Heavy Plow |
| 19:38 | Build | House |
| 19:43 | Create | Samurai |
| 19:43 | Create | Samurai |
| 19:55 | Create | Villager (Male) |
| 19:56 | Create | Samurai |
| 19:57 | Create | Samurai |
| 20:09 | Build | Farm |
| 20:17 | Build | Mill |
| 20:19 | Build | Farm |
| 20:24 | Create | Villager (Male) |
| 20:31 | Build | Farm |
| 20:33 | Create | Villager (Male) |
| 20:40 | Create | Villager (Male) |
| 20:55 | Build | Farm |
| 21:01 | Build | Farm |
| 21:14 | Create | Villager (Male) |
| 21:14 | Create | Villager (Male) |
| 21:15 | Create | Samurai |
| 21:30 | Create | Villager (Male) |
| 21:32 | Build | Farm |
| 21:36 | Build | Farm |
| 21:38 | Create | Villager (Male) |
| 21:40 | Create | Villager (Male) |
| 21:41 | Create | Villager (Male) |
| 21:44 | Build | Farm |
| 21:47 | Create | Villager (Male) |
| 22:08 | Build | Farm |
| 22:11 | Create | Villager (Male) |
| 22:13 | Build | Farm |
| 22:15 | Build | Farm |
| 22:20 | Build | Lumber Camp |
| 22:22 | Create | Villager (Male) |
| 22:23 | Create | Villager (Male) |
| 22:40 | Create | Villager (Male) |
| 22:41 | Create | Villager (Male) |
| 22:43 | Build | Farm |
| 23:40 | Build | Farm |
| 23:40 | Create | Villager (Male) |
| 23:41 | Create | Villager (Male) |
| 23:41 | Create | Villager (Male) |
| 23:43 | Build | Farm |
| 23:45 | Build | Farm |
| 24:17 | Create | Villager (Male) |
| 24:17 | Create | Villager (Male) |
| 24:30 | Create | Villager (Male) |
| 24:39 | Create | Villager (Male) |
| 24:39 | Create | Villager (Male) |
| 25:11 | Create | Villager (Male) |
| 25:11 | Create | Villager (Male) |
| 25:13 | Build | Farm |
| 25:14 | Build | Farm |
| 25:15 | Build | Farm |
| 25:18 | Build | Farm |
| 25:19 | Create | Villager (Male) |
| 25:20 | Create | Villager (Male) |
| 25:25 | Build | Farm |
| 25:37 | Build | Farm |
| 25:38 | Create | Villager (Male) |
Build order — El_Warnersito
First 150 of 361 actions detected
| 0:02 | Create | Villager (Male) |
| 0:05 | Build | House |
| 0:07 | Build | House |
| 0:28 | Create | Villager (Male) |
| 0:41 | Create | Villager (Male) |
| 0:41 | Create | Villager (Male) |
| 0:41 | Create | Villager (Male) |
| 1:32 | Create | Villager (Male) |
| 2:53 | Create | Villager (Male) |
| 2:53 | Create | Villager (Male) |
| 2:54 | Create | Villager (Male) |
| 3:16 | Create | Villager (Male) |
| 3:16 | Create | Villager (Male) |
| 3:51 | Build | House |
| 4:06 | Create | Villager (Male) |
| 4:06 | Create | Villager (Male) |
| 4:06 | Create | Villager (Male) |
| 4:59 | Create | Villager (Male) |
| 4:59 | Create | Villager (Male) |
| 5:43 | Build | Lumber Camp |
| 5:49 | Create | Villager (Male) |
| 5:49 | Create | Villager (Male) |
| 6:12 | Create | Villager (Male) |
| 6:12 | Create | Villager (Male) |
| 6:15 | Build | House |
| 6:17 | Build | House |
| 6:36 | Create | Villager (Male) |
| 6:41 | Create | Villager (Male) |
| 7:07 | Build | Lumber Camp |
| 7:33 | Build | Mill |
| 8:00 | Create | Villager (Male) |
| 8:34 | Create | Villager (Male) |
| 8:46 | Build | Mining Camp |
| 9:03 | Create | Villager (Male) |
| 9:04 | Create | Villager (Male) |
| 9:04 | Create | Villager (Male) |
| 10:01 | Build | Farm |
| 10:11 | Research | Feudal Age |
| 10:21 | Build | Farm |
| 10:25 | Build | Farm |
| 10:32 | Build | Farm |
| 12:33 | Age | Feudal Age |
| 12:41 | Research | Wheelbarrow |
| 12:42 | Research | Double-Bit Axe |
| 14:02 | Build | Farm |
| 14:12 | Research | Loom |
| 14:22 | Build | Market |
| 14:25 | Build | Blacksmith |
| 14:33 | Create | Villager (Male) |
| 15:04 | Research | Castle Age |
| 15:05 | Research | Castle Age |
| 15:09 | Research | Horse Collar |
| 15:27 | Build | Mining Camp |
| 16:20 | Build | Barracks |
| 17:03 | Research | Gold Mining |
| 17:17 | Build | Stable |
| 17:21 | Create | Villager (Male) |
| 17:22 | Create | Villager (Male) |
| 17:44 | Age | Castle Age |
| 17:46 | Build | House |
| 17:53 | Build | Farm |
| 17:55 | Build | Farm |
| 17:58 | Research | Scale Barding Armor |
| 18:01 | Research | Bloodlines |
| 18:02 | Research | Husbandry |
| 18:13 | Build | Farm |
| 18:17 | Create | Villager (Male) |
| 18:37 | Build | Farm |
| 18:39 | Build | Farm |
| 18:41 | Build | Farm |
| 18:42 | Build | Farm |
| 18:44 | Build | Farm |
| 18:48 | Build | Farm |
| 18:54 | Create | Villager (Male) |
| 19:17 | Create | Villager (Male) |
| 20:00 | Create | Villager (Male) |
| 20:01 | Create | Unit 1944 |
| 20:02 | Create | Unit 1944 |
| 20:04 | Build | Farm |
| 20:18 | Build | Farm |
| 20:18 | Build | Farm |
| 20:18 | Build | Farm |
| 20:18 | Build | Farm |
| 20:19 | Build | Farm |
| 20:19 | Build | Farm |
| 20:19 | Build | Farm |
| 20:23 | Create | Villager (Male) |
| 20:29 | Build | House |
| 20:53 | Create | Villager (Male) |
| 20:54 | Create | Unit 1944 |
| 21:05 | Research | Forging |
| 21:30 | Create | Villager (Male) |
| 21:34 | Create | Unit 1944 |
| 21:44 | Build | House |
| 21:53 | Create | Villager (Male) |
| 21:58 | Research | Town Watch |
| 22:38 | Create | Unit 1944 |
| 22:38 | Create | Unit 1944 |
| 22:41 | Build | Farm |
| 23:14 | Create | Villager (Male) |
| 23:14 | Create | Villager (Male) |
| 23:15 | Create | Villager (Male) |
| 23:18 | Build | House |
| 23:18 | Build | House |
| 23:19 | Build | House |
| 23:19 | Build | House |
| 23:19 | Build | House |
| 23:25 | Research | Gold Shaft Mining |
| 23:26 | Create | Villager (Male) |
| 24:32 | Research | Pikeman (upgrade) |
| 24:34 | Research | Scale Mail Armor |
| 24:34 | Create | Villager (Male) |
| 24:34 | Create | Villager (Male) |
| 24:40 | Research | Bow Saw |
| 24:41 | Research | Heavy Plow |
| 24:46 | Create | Unit 1944 |
| 24:58 | Build | Monastery |
| 25:07 | Create | Villager (Male) |
| 25:16 | Build | Castle |
| 25:20 | Create | Unit 1944 |
| 25:27 | Create | Villager (Male) |
| 25:35 | Build | House |
| 25:44 | Create | Monk |
| 26:05 | Research | Chain Barding Armor |
| 26:15 | Create | Villager (Male) |
| 26:18 | Build | Lumber Camp |
| 26:46 | Create | Unit 1944 |
| 26:51 | Research | Squires |
| 26:57 | Research | Hand Cart |
| 27:16 | Create | Villager (Male) |
| 28:31 | Create | Villager (Male) |
| 28:31 | Create | Villager (Male) |
| 28:34 | Create | Spearman |
| 28:34 | Create | Spearman |
| 28:40 | Create | Unit 1944 |
| 28:44 | Research | Iron Casting |
| 29:00 | Research | Chain Mail Armor |
| 29:07 | Create | Unit 1968 |
| 29:08 | Create | Unit 1968 |
| 29:12 | Build | House |
| 29:13 | Build | House |
| 29:15 | Build | House |
| 29:19 | Create | Villager (Male) |
| 29:36 | Build | Town Center |
| 29:40 | Create | Villager (Male) |
| 29:43 | Create | Unit 1944 |
| 29:58 | Create | Unit 1968 |
| 29:58 | Create | Unit 1968 |
| 30:03 | Create | Spearman |
| 30:03 | Create | Spearman |
Build order — doyasan1_twitch
First 150 of 386 actions detected
| 0:01 | Create | Villager (Male) |
| 0:02 | Create | Villager (Male) |
| 0:02 | Create | Villager (Male) |
| 0:21 | Create | Villager (Male) |
| 0:21 | Create | Villager (Male) |
| 1:21 | Create | Villager (Male) |
| 1:21 | Create | Villager (Male) |
| 1:44 | Build | Lumber Camp |
| 1:45 | Create | Villager (Male) |
| 1:46 | Create | Villager (Male) |
| 2:14 | Create | Villager (Male) |
| 2:14 | Create | Villager (Male) |
| 2:50 | Create | Villager (Male) |
| 2:50 | Create | Villager (Male) |
| 2:51 | Create | Villager (Male) |
| 3:30 | Create | Villager (Male) |
| 3:30 | Create | Villager (Male) |
| 3:59 | Create | Villager (Male) |
| 3:59 | Create | Villager (Male) |
| 4:00 | Create | Villager (Male) |
| 4:34 | Create | Villager (Male) |
| 4:34 | Create | Villager (Male) |
| 4:49 | Create | Villager (Male) |
| 4:50 | Create | Villager (Male) |
| 5:05 | Create | Villager (Male) |
| 5:06 | Create | Villager (Male) |
| 5:36 | Create | Villager (Male) |
| 5:37 | Create | Villager (Male) |
| 6:00 | Create | Villager (Male) |
| 6:00 | Create | Villager (Male) |
| 6:20 | Build | Mill |
| 6:22 | Create | Villager (Male) |
| 6:23 | Create | Villager (Male) |
| 6:28 | Create | Villager (Male) |
| 6:28 | Create | Villager (Male) |
| 6:38 | Create | Villager (Male) |
| 6:38 | Create | Villager (Male) |
| 6:54 | Create | Villager (Male) |
| 6:58 | Create | Villager (Male) |
| 7:24 | Create | Villager (Male) |
| 7:36 | Create | Villager (Male) |
| 8:06 | Create | Villager (Male) |
| 8:40 | Research | Feudal Age |
| 8:51 | Build | Mining Camp |
| 10:07 | Build | Farm |
| 10:15 | Build | Farm |
| 10:56 | Age | Feudal Age |
| 11:01 | Build | Blacksmith |
| 11:10 | Build | Market |
| 11:12 | Create | Villager (Male) |
| 11:13 | Create | Villager (Male) |
| 11:26 | Research | Double-Bit Axe |
| 11:46 | Build | Farm |
| 11:59 | Build | Farm |
| 12:08 | Build | Farm |
| 12:10 | Research | Castle Age |
| 12:15 | Build | Farm |
| 12:21 | Research | Horse Collar |
| 12:59 | Research | Gold Mining |
| 14:35 | Create | Villager (Male) |
| 14:50 | Age | Castle Age |
| 14:53 | Build | Town Center |
| 15:01 | Research | Bow Saw |
| 15:03 | Create | Villager (Male) |
| 15:19 | Create | Villager (Male) |
| 15:22 | Build | Farm |
| 15:24 | Create | Villager (Male) |
| 15:36 | Build | Farm |
| 15:50 | Create | Villager (Male) |
| 15:50 | Create | Villager (Male) |
| 15:58 | Build | Town Center |
| 16:01 | Build | Farm |
| 16:03 | Create | Villager (Male) |
| 16:12 | Build | Farm |
| 16:13 | Build | Farm |
| 16:21 | Create | Villager (Male) |
| 16:24 | Build | Farm |
| 16:27 | Create | Villager (Male) |
| 16:42 | Build | Farm |
| 16:46 | Create | Villager (Male) |
| 17:11 | Build | Farm |
| 17:12 | Create | Villager (Male) |
| 17:14 | Create | Villager (Male) |
| 17:15 | Create | Villager (Male) |
| 17:27 | Build | Farm |
| 17:28 | Build | Farm |
| 17:33 | Create | Villager (Male) |
| 17:34 | Build | Farm |
| 17:42 | Build | Farm |
| 17:45 | Create | Villager (Male) |
| 17:50 | Create | Villager (Male) |
| 17:55 | Build | Farm |
| 18:04 | Build | Mining Camp |
| 18:12 | Create | Villager (Male) |
| 18:13 | Create | Villager (Male) |
| 18:14 | Create | Villager (Male) |
| 18:22 | Create | Villager (Male) |
| 18:28 | Build | Farm |
| 18:32 | Build | Farm |
| 18:33 | Build | Farm |
| 18:38 | Build | Farm |
| 18:38 | Create | Villager (Male) |
| 18:42 | Create | Villager (Male) |
| 18:53 | Create | Villager (Male) |
| 19:00 | Build | Farm |
| 19:01 | Create | Villager (Male) |
| 19:06 | Create | Villager (Male) |
| 19:14 | Create | Villager (Male) |
| 19:19 | Build | Farm |
| 19:19 | Build | Farm |
| 19:22 | Create | Villager (Male) |
| 19:23 | Create | Villager (Male) |
| 19:30 | Create | Villager (Male) |
| 19:34 | Build | Farm |
| 19:37 | Build | Farm |
| 19:37 | Create | Villager (Male) |
| 19:41 | Create | Villager (Male) |
| 19:47 | Research | Loom |
| 19:48 | Create | Villager (Male) |
| 19:52 | Create | Villager (Male) |
| 19:58 | Create | Villager (Male) |
| 20:01 | Build | Farm |
| 20:01 | Create | Villager (Male) |
| 20:08 | Create | Villager (Male) |
| 20:13 | Build | Farm |
| 20:14 | Create | Villager (Male) |
| 20:21 | Create | Villager (Male) |
| 20:25 | Create | Villager (Male) |
| 20:29 | Create | Villager (Male) |
| 20:41 | Build | Mill |
| 20:42 | Build | Farm |
| 20:42 | Build | Farm |
| 20:46 | Build | Farm |
| 20:46 | Build | Farm |
| 20:47 | Create | Villager (Male) |
| 20:57 | Create | Villager (Male) |
| 20:58 | Create | Villager (Male) |
| 20:59 | Create | Villager (Male) |
| 21:07 | Research | Heavy Plow |
| 21:16 | Create | Villager (Male) |
| 21:27 | Create | Villager (Male) |
| 21:36 | Create | Villager (Male) |
| 21:42 | Research | Gold Shaft Mining |
| 21:47 | Build | Farm |
| 21:48 | Create | Villager (Male) |
| 22:01 | Build | Barracks |
| 22:02 | Create | Villager (Male) |
| 22:04 | Create | Villager (Male) |
| 22:11 | Create | Villager (Male) |
| 22:14 | Create | Villager (Male) |
Build order — 779215421
First 150 of 278 actions detected
| 0:02 | Create | Villager (Male) |
| 0:04 | Build | House |
| 0:06 | Build | House |
| 0:07 | Create | Villager (Male) |
| 0:07 | Create | Villager (Male) |
| 0:07 | Create | Villager (Male) |
| 0:08 | Create | Villager (Male) |
| 1:28 | Create | Villager (Male) |
| 1:29 | Create | Villager (Male) |
| 1:29 | Create | Villager (Male) |
| 1:53 | Create | Villager (Male) |
| 1:53 | Create | Villager (Male) |
| 2:32 | Build | Lumber Camp |
| 2:34 | Create | Villager (Male) |
| 2:35 | Create | Villager (Male) |
| 2:35 | Create | Villager (Male) |
| 2:35 | Create | Villager (Male) |
| 2:53 | Create | Villager (Male) |
| 2:53 | Create | Villager (Male) |
| 3:40 | Create | Villager (Male) |
| 3:40 | Create | Villager (Male) |
| 4:27 | Build | House |
| 4:38 | Create | Villager (Male) |
| 4:39 | Create | Villager (Male) |
| 4:55 | Create | Villager (Male) |
| 4:55 | Create | Villager (Male) |
| 4:55 | Create | Villager (Male) |
| 4:56 | Create | Villager (Male) |
| 5:18 | Build | Mill |
| 5:21 | Create | Villager (Male) |
| 5:21 | Create | Villager (Male) |
| 6:27 | Create | Villager (Male) |
| 6:54 | Build | House |
| 7:01 | Research | Loom |
| 7:02 | Research | Loom |
| 7:04 | Create | Villager (Male) |
| 7:04 | Create | Villager (Male) |
| 7:52 | Build | Mill |
| 8:00 | Research | Feudal Age |
| 9:43 | Create | Villager (Male) |
| 10:26 | Age | Feudal Age |
| 10:31 | Research | Double-Bit Axe |
| 10:31 | Research | Double-Bit Axe |
| 10:32 | Research | Horse Collar |
| 10:33 | Research | Horse Collar |
| 10:33 | Research | Horse Collar |
| 10:49 | Create | Villager (Male) |
| 10:49 | Create | Villager (Male) |
| 10:50 | Create | Villager (Male) |
| 10:50 | Create | Villager (Male) |
| 10:51 | Create | Villager (Male) |
| 10:59 | Build | House |
| 11:00 | Build | House |
| 11:01 | Build | House |
| 11:30 | Create | Villager (Male) |
| 11:37 | Build | Farm |
| 11:41 | Build | Farm |
| 12:02 | Create | Villager (Male) |
| 12:04 | Build | Farm |
| 12:33 | Build | Market |
| 12:37 | Build | Blacksmith |
| 12:42 | Create | Villager (Male) |
| 12:45 | Build | Farm |
| 12:46 | Build | Farm |
| 13:33 | Build | Farm |
| 13:35 | Build | Farm |
| 13:36 | Build | Farm |
| 13:38 | Build | Farm |
| 13:57 | Build | Mining Camp |
| 14:09 | Create | Villager (Male) |
| 14:39 | Create | Villager (Male) |
| 14:46 | Build | Mining Camp |
| 14:53 | Create | Villager (Male) |
| 15:39 | Research | Castle Age |
| 15:39 | Research | Castle Age |
| 15:40 | Research | Castle Age |
| 15:48 | Research | Gold Mining |
| 15:52 | Research | Stone Mining |
| 16:28 | Create | Villager (Male) |
| 18:00 | Create | Villager (Male) |
| 18:00 | Create | Villager (Male) |
| 18:02 | Create | Villager (Male) |
| 18:06 | Create | Villager (Male) |
| 18:19 | Age | Castle Age |
| 18:29 | Create | Villager (Male) |
| 19:04 | Build | Town Center |
| 19:09 | Create | Villager (Male) |
| 19:12 | Create | Villager (Male) |
| 19:34 | Build | Castle |
| 19:46 | Build | Lumber Camp |
| 20:03 | Create | Villager (Male) |
| 20:16 | Build | Siege Workshop |
| 20:29 | Build | House |
| 20:30 | Build | House |
| 20:31 | Build | House |
| 20:32 | Build | House |
| 20:40 | Create | Villager (Male) |
| 20:43 | Create | Villager (Male) |
| 20:43 | Create | Villager (Male) |
| 20:43 | Create | Villager (Male) |
| 20:45 | Create | Villager (Male) |
| 20:55 | Create | Villager (Male) |
| 20:58 | Create | Scorpion |
| 21:04 | Create | Mangonel |
| 21:08 | Create | Woad Raider |
| 21:09 | Create | Woad Raider |
| 21:09 | Create | Woad Raider |
| 21:09 | Create | Woad Raider |
| 21:09 | Create | Woad Raider |
| 21:15 | Build | Farm |
| 21:17 | Build | Farm |
| 21:19 | Build | Farm |
| 21:22 | Create | Villager (Male) |
| 21:28 | Build | Farm |
| 21:33 | Build | Farm |
| 21:35 | Build | Farm |
| 21:43 | Build | Farm |
| 21:44 | Build | Farm |
| 21:46 | Build | Farm |
| 21:48 | Build | Farm |
| 21:52 | Create | Villager (Male) |
| 21:52 | Create | Villager (Male) |
| 21:57 | Build | Farm |
| 22:16 | Build | University |
| 22:22 | Create | Villager (Male) |
| 22:23 | Create | Villager (Male) |
| 22:25 | Create | Villager (Male) |
| 22:48 | Create | Villager (Male) |
| 22:51 | Build | Farm |
| 22:54 | Build | Farm |
| 22:57 | Build | Farm |
| 23:03 | Build | Farm |
| 23:08 | Create | Villager (Male) |
| 23:33 | Create | Woad Raider |
| 23:36 | Create | Scorpion |
| 23:36 | Create | Scorpion |
| 23:41 | Build | Gate |
| 24:02 | Create | Woad Raider |
| 24:02 | Create | Woad Raider |
| 24:03 | Create | Woad Raider |
| 24:07 | Research | Forging |
| 24:07 | Research | Scale Mail Armor |
| 24:07 | Research | Scale Mail Armor |
| 24:08 | Research | Scale Mail Armor |
| 24:51 | Build | House |
| 25:01 | Research | Iron Casting |
| 25:06 | Create | Villager (Male) |
| 25:06 | Create | Villager (Male) |
| 25:36 | Create | Scorpion |
| 25:37 | Create | Scorpion |
Build order — ChoG4n
142 actions detected in the replay
| 0:01 | Create | Villager (Male) |
| 0:01 | Create | Villager (Male) |
| 0:02 | Build | House |
| 0:05 | Build | House |
| 0:14 | Create | Villager (Male) |
| 0:22 | Create | Villager (Male) |
| 1:27 | Create | Villager (Male) |
| 1:50 | Build | Lumber Camp |
| 1:53 | Create | Villager (Male) |
| 2:18 | Create | Villager (Male) |
| 2:53 | Create | Villager (Male) |
| 3:05 | Create | Villager (Male) |
| 3:47 | Create | Villager (Male) |
| 3:59 | Create | Villager (Male) |
| 4:06 | Build | House |
| 4:16 | Create | Villager (Male) |
| 4:31 | Build | House |
| 5:01 | Create | Villager (Male) |
| 5:03 | Create | Villager (Male) |
| 5:17 | Build | Mill |
| 5:30 | Create | Villager (Male) |
| 6:08 | Create | Villager (Male) |
| 6:23 | Create | Villager (Male) |
| 6:40 | Create | Villager (Male) |
| 6:44 | Create | Villager (Male) |
| 7:00 | Create | Villager (Male) |
| 7:44 | Build | Mining Camp |
| 8:13 | Research | Feudal Age |
| 8:26 | Build | House |
| 8:45 | Create | Villager (Male) |
| 9:13 | Build | Farm |
| 9:20 | Build | Farm |
| 9:49 | Build | Farm |
| 10:32 | Age | Feudal Age |
| 10:34 | Create | Villager (Male) |
| 10:38 | Build | Market |
| 10:41 | Build | Blacksmith |
| 10:52 | Build | Farm |
| 10:58 | Build | Farm |
| 11:12 | Create | Villager (Male) |
| 11:17 | Build | Farm |
| 11:35 | Build | House |
| 11:43 | Create | Villager (Male) |
| 11:49 | Build | Farm |
| 12:12 | Create | Villager (Male) |
| 12:22 | Build | House |
| 12:30 | Research | Loom |
| 12:34 | Build | Lumber Camp |
| 13:01 | Build | House |
| 13:04 | Create | Villager (Male) |
| 13:20 | Build | Farm |
| 13:29 | Research | Castle Age |
| 13:34 | Build | Mining Camp |
| 13:53 | Build | Farm |
| 14:48 | Build | Barracks |
| 15:43 | Build | House |
| 15:57 | Build | Stable |
| 16:00 | Create | Villager (Male) |
| 16:09 | Age | Castle Age |
| 16:12 | Create | Villager (Male) |
| 16:28 | Build | Monastery |
| 16:44 | Create | Villager (Male) |
| 17:04 | Build | Castle |
| 17:07 | Create | Villager (Male) |
| 17:15 | Research | Husbandry |
| 17:16 | Research | Bloodlines |
| 17:17 | Create | Villager (Male) |
| 17:40 | Create | Villager (Male) |
| 17:56 | Research | Gold Mining |
| 18:03 | Create | Villager (Male) |
| 18:14 | Create | Monk |
| 18:20 | Create | Villager (Male) |
| 18:30 | Create | Villager (Male) |
| 18:40 | Create | Villager (Male) |
| 18:50 | Build | House |
| 18:56 | Create | Arambai |
| 19:02 | Create | Villager (Male) |
| 19:17 | Create | Villager (Male) |
| 19:21 | Create | Arambai |
| 19:25 | Research | Gold Shaft Mining |
| 19:46 | Create | Monk |
| 19:52 | Build | House |
| 20:01 | Create | Arambai |
| 20:01 | Create | Arambai |
| 20:08 | Create | Villager (Male) |
| 20:12 | Create | Arambai |
| 20:26 | Create | Villager (Male) |
| 20:33 | Research | Horse Collar |
| 20:36 | Build | House |
| 20:47 | Create | Monk |
| 21:01 | Create | Arambai |
| 21:02 | Create | Arambai |
| 21:05 | Build | House |
| 21:19 | Create | Monk |
| 21:31 | Create | Villager (Male) |
| 21:38 | Build | House |
| 21:49 | Create | Villager (Male) |
| 21:51 | Create | Arambai |
| 21:51 | Create | Arambai |
| 22:06 | Create | Villager (Male) |
| 22:12 | Build | House |
| 22:12 | Create | Villager (Male) |
| 22:19 | Build | Town Center |
| 22:35 | Create | Petard |
| 22:35 | Create | Petard |
| 22:38 | Create | Arambai |
| 22:38 | Create | Arambai |
| 22:45 | Build | House |
| 23:03 | Create | Villager (Male) |
| 23:05 | Build | Farm |
| 23:26 | Build | House |
| 23:26 | Create | Villager (Male) |
| 23:41 | Create | Arambai |
| 23:46 | Create | Villager (Male) |
| 23:52 | Build | Town Center |
| 24:07 | Create | Arambai |
| 24:13 | Build | House |
| 24:24 | Create | Arambai |
| 24:32 | Build | House |
| 24:34 | Create | Villager (Male) |
| 24:36 | Create | Villager (Male) |
| 24:36 | Create | Villager (Male) |
| 24:39 | Build | Farm |
| 24:40 | Build | Farm |
| 24:48 | Build | House |
| 24:54 | Create | Arambai |
| 25:00 | Create | Villager (Male) |
| 25:02 | Research | Wheelbarrow |
| 25:26 | Create | Petard |
| 25:26 | Create | Petard |
| 25:32 | Create | Villager (Male) |
| 25:49 | Create | Villager (Male) |
| 25:52 | Build | House |
| 26:05 | Create | Villager (Male) |
| 26:09 | Create | Arambai |
| 26:09 | Create | Arambai |
| 26:15 | Build | Mill |
| 26:16 | Build | Farm |
| 26:16 | Build | Farm |
| 26:17 | Build | Farm |
| 26:17 | Build | Farm |
| 26:17 | Build | Farm |
Build order — GIORK
First 150 of 373 actions detected
| 0:01 | Create | Villager (Male) |
| 0:02 | Create | Villager (Male) |
| 0:02 | Create | Villager (Male) |
| 0:04 | Build | House |
| 0:08 | Build | House |
| 0:48 | Create | Villager (Male) |
| 0:48 | Create | Villager (Male) |
| 1:33 | Create | Villager (Male) |
| 1:33 | Create | Villager (Male) |
| 2:02 | Create | Villager (Male) |
| 2:02 | Create | Villager (Male) |
| 2:39 | Create | Villager (Male) |
| 2:39 | Create | Villager (Male) |
| 2:39 | Create | Villager (Male) |
| 3:00 | Create | Villager (Male) |
| 3:00 | Create | Villager (Male) |
| 3:00 | Create | Villager (Male) |
| 3:05 | Build | House |
| 3:45 | Build | Lumber Camp |
| 3:51 | Build | House |
| 3:54 | Create | Villager (Male) |
| 3:54 | Create | Villager (Male) |
| 3:55 | Create | Villager (Male) |
| 4:36 | Create | Villager (Male) |
| 4:36 | Create | Villager (Male) |
| 4:53 | Create | Villager (Male) |
| 4:54 | Create | Villager (Male) |
| 4:54 | Create | Villager (Male) |
| 5:29 | Create | Villager (Male) |
| 5:29 | Create | Villager (Male) |
| 6:05 | Create | Villager (Male) |
| 6:43 | Create | Villager (Male) |
| 7:09 | Create | Villager (Male) |
| 7:17 | Build | Mill |
| 7:47 | Research | Feudal Age |
| 8:15 | Build | House |
| 8:20 | Build | House |
| 8:40 | Build | Lumber Camp |
| 9:30 | Create | Villager (Male) |
| 9:30 | Create | Villager (Male) |
| 9:30 | Create | Villager (Male) |
| 9:39 | Build | Mining Camp |
| 10:14 | Age | Feudal Age |
| 10:17 | Research | Double-Bit Axe |
| 10:31 | Build | Farm |
| 10:41 | Build | Farm |
| 10:47 | Create | Villager (Male) |
| 11:04 | Build | Market |
| 11:09 | Create | Villager (Male) |
| 11:30 | Build | Farm |
| 11:39 | Build | Farm |
| 12:09 | Build | Blacksmith |
| 12:22 | Build | Farm |
| 12:30 | Create | Villager (Male) |
| 12:42 | Build | Farm |
| 12:52 | Build | Farm |
| 13:11 | Research | Castle Age |
| 13:12 | Research | Castle Age |
| 13:18 | Build | Farm |
| 13:49 | Build | Farm |
| 13:57 | Build | Barracks |
| 14:09 | Create | Villager (Male) |
| 14:18 | Build | Farm |
| 14:53 | Research | Gold Mining |
| 14:53 | Research | Gold Mining |
| 15:01 | Build | House |
| 15:02 | Build | House |
| 15:51 | Age | Castle Age |
| 15:53 | Research | Wheelbarrow |
| 15:55 | Research | Bow Saw |
| 16:06 | Build | House |
| 16:16 | Build | Town Center |
| 16:22 | Create | Villager (Male) |
| 16:56 | Create | Villager (Male) |
| 16:56 | Create | Villager (Male) |
| 16:56 | Create | Villager (Male) |
| 17:08 | Create | Villager (Male) |
| 17:09 | Create | Villager (Male) |
| 17:09 | Create | Villager (Male) |
| 17:25 | Build | Farm |
| 17:31 | Build | Farm |
| 17:42 | Build | Monastery |
| 17:49 | Create | Villager (Male) |
| 17:49 | Create | Villager (Male) |
| 17:49 | Create | Villager (Male) |
| 18:03 | Build | Farm |
| 18:13 | Build | Farm |
| 18:18 | Create | Villager (Male) |
| 18:25 | Create | Monk |
| 18:36 | Build | Farm |
| 18:53 | Build | House |
| 18:55 | Create | Villager (Male) |
| 18:56 | Create | Villager (Male) |
| 18:56 | Create | Villager (Male) |
| 18:56 | Create | Villager (Male) |
| 19:18 | Build | Town Center |
| 19:31 | Research | Forging |
| 19:33 | Create | Villager (Male) |
| 19:33 | Create | Villager (Male) |
| 19:33 | Create | Villager (Male) |
| 19:33 | Create | Villager (Male) |
| 19:38 | Build | House |
| 19:39 | Build | House |
| 19:42 | Build | House |
| 19:43 | Create | Villager (Male) |
| 19:44 | Create | Villager (Male) |
| 20:14 | Create | Villager (Male) |
| 20:14 | Create | Villager (Male) |
| 20:14 | Create | Villager (Male) |
| 20:14 | Create | Villager (Male) |
| 20:18 | Build | Farm |
| 20:24 | Build | Farm |
| 20:25 | Build | Farm |
| 20:26 | Build | Farm |
| 20:38 | Create | Monk |
| 21:07 | Research | Hand Cart |
| 21:08 | Create | Villager (Male) |
| 21:09 | Create | Villager (Male) |
| 21:13 | Build | Farm |
| 21:16 | Build | Farm |
| 21:33 | Create | Villager (Male) |
| 21:34 | Create | Villager (Male) |
| 21:34 | Create | Villager (Male) |
| 21:38 | Build | Farm |
| 21:39 | Build | Farm |
| 21:47 | Build | Farm |
| 21:49 | Build | Farm |
| 21:51 | Build | Farm |
| 21:52 | Build | Farm |
| 21:53 | Build | Farm |
| 21:54 | Build | Farm |
| 21:55 | Build | Farm |
| 22:00 | Create | Villager (Male) |
| 22:00 | Create | Villager (Male) |
| 22:00 | Create | Villager (Male) |
| 22:01 | Create | Villager (Male) |
| 22:49 | Research | Iron Casting |
| 22:52 | Research | Loom |
| 22:52 | Create | Villager (Male) |
| 22:53 | Create | Villager (Male) |
| 22:53 | Create | Villager (Male) |
| 22:53 | Create | Villager (Male) |
| 22:57 | Build | Farm |
| 22:58 | Build | Farm |
| 23:10 | Build | University |
| 23:14 | Create | Villager (Male) |
| 23:15 | Create | Villager (Male) |
| 23:15 | Create | Villager (Male) |
| 23:15 | Create | Villager (Male) |
| 23:21 | Build | House |
Match timeline
| 8:51 | Alt+F4 | Haise · age_up feudal |
| 10:14 | GIORK · age_up feudal |
| 10:26 | 779215421 · age_up feudal |
| 10:32 | ChoG4n · age_up feudal |
| 10:56 | doyasan1_twitch · age_up feudal |
| 10:58 | Jinxo · age_up feudal |
| 11:24 | Ahmad Kalashnikov · age_up feudal |
| 12:14 | Ahmad Kalashnikov · first_market_sell 100 food |
| 12:33 | El_Warnersito · age_up feudal |
| 13:57 | GIORK · first_building Barracks |
| 14:48 | ChoG4n · first_building Barracks |
| 14:50 | doyasan1_twitch · age_up castle |
| 15:00 | Jinxo · age_up castle |
| 15:02 | Ahmad Kalashnikov · age_up castle |
| 15:22 | Jinxo · first_market_buy 100 wood |
| 15:24 | Ahmad Kalashnikov · first_building Siege Workshop |
| 15:51 | GIORK · age_up castle |
| 15:57 | ChoG4n · first_building Stable |
| 16:06 | Ahmad Kalashnikov · first_building Castle |
| 16:09 | ChoG4n · age_up castle |
| 16:20 | El_Warnersito · first_building Barracks |
| 16:28 | ChoG4n · first_building Monastery |
| 16:59 | Alt+F4 | Haise · first_market_buy 100 food |
| 17:04 | ChoG4n · first_building Castle |
| 17:17 | El_Warnersito · first_building Stable |
| 17:38 | Jinxo · first_building Monastery |
| 17:42 | GIORK · first_building Monastery |
| 17:44 | El_Warnersito · age_up castle |
| 17:58 | Ahmad Kalashnikov · wall_segment Palisade Wall x1 |
| 18:19 | 779215421 · age_up castle |
| 18:23 | Alt+F4 | Haise · first_building Barracks |
| 19:11 | Alt+F4 | Haise · wall_segment Palisade Wall x1 |
| 19:12 | Alt+F4 | Haise · wall_segment Palisade Wall x1 |
| 19:20 | Jinxo · first_building Castle |
| 19:34 | 779215421 · first_building Castle |
| 19:47 | Alt+F4 | Haise · age_up castle |
| 20:16 | 779215421 · first_building Siege Workshop |
| 20:23 | Ahmad Kalashnikov · first_market_buy 100 food |
| 20:46 | Alt+F4 | Haise · first_building Stable |
| 20:52 | Alt+F4 | Haise · wall_segment Palisade Wall x1 |
| 20:53 | Alt+F4 | Haise · wall_segment Palisade Wall x1 |
| 20:54 | Alt+F4 | Haise · wall_segment Palisade Wall x1 |
| 20:55 | Alt+F4 | Haise · wall_segment Palisade Wall x1 |
| 20:57 | Alt+F4 | Haise · wall_segment Palisade Wall x1 |
| 20:58 | Alt+F4 | Haise · wall_segment Palisade Wall x1 |
| 20:59 | Alt+F4 | Haise · wall_segment Palisade Wall x1 |
| 21:01 | Alt+F4 | Haise · wall_segment Palisade Wall x1 |
| 22:01 | doyasan1_twitch · first_building Barracks |
| 22:01 | Alt+F4 | Haise · first_building Monastery |
| 22:52 | Alt+F4 | Haise · wall_segment Palisade Wall x1 |
| 23:13 | doyasan1_twitch · first_building Stable |
| 23:53 | GIORK · first_building Stable |
| 24:23 | doyasan1_twitch · first_building Castle |
| 24:58 | El_Warnersito · first_building Monastery |
| 25:16 | El_Warnersito · first_building Castle |
| 25:25 | Jinxo · first_building Barracks |
| 25:41 | Ahmad Kalashnikov · first_building Barracks |
| 25:55 | 779215421 · first_building Barracks |
| 26:11 | Jinxo · first_building Siege Workshop |
| 26:19 | Alt+F4 | Haise · first_building Siege Workshop |
| 26:24 | ChoG4n · resign |
| 26:42 | Alt+F4 | Haise · wall_segment Palisade Wall x1 |
| 26:45 | Alt+F4 | Haise · wall_segment Palisade Wall x1 |
| 26:54 | Alt+F4 | Haise · first_market_sell 500 stone |
| 27:14 | doyasan1_twitch · wall_segment Stone Wall x25 |
| 28:45 | Jinxo · age_up imperial |
| 29:55 | 779215421 · wall_segment Stone Wall x5 |
| 29:56 | GIORK · age_up imperial |
| 30:03 | 779215421 · wall_segment Stone Wall x3 |
| 30:15 | Ahmad Kalashnikov · age_up imperial |
| 30:43 | Alt+F4 | Haise · age_up imperial |
| 30:44 | Alt+F4 | Haise · first_building Castle |
| 31:10 | doyasan1_twitch · wall_segment Stone Wall x13 |
| 31:13 | doyasan1_twitch · age_up imperial |
| 31:13 | doyasan1_twitch · wall_segment Stone Wall x22 |
| 31:59 | 779215421 · wall_segment Stone Wall x3 |
| 31:59 | 779215421 · wall_segment Stone Wall x1 |
| 32:01 | 779215421 · wall_segment Stone Wall x2 |
| 32:02 | 779215421 · wall_segment Stone Wall x2 |
| 32:02 | 779215421 · wall_segment Stone Wall x2 |
| 33:04 | 779215421 · wall_segment Stone Wall x1 |
| 34:08 | GIORK · first_market_sell 100 wood |
| 35:04 | doyasan1_twitch · wall_segment Stone Wall x6 |
| 35:12 | Alt+F4 | Haise · first_building Archery Range |
| 35:23 | doyasan1_twitch · wall_segment Stone Wall x8 |
| 35:24 | doyasan1_twitch · wall_segment Stone Wall x8 |
| 35:26 | Ahmad Kalashnikov · first_building Archery Range |
| 36:11 | 779215421 · wall_segment Palisade Wall x6 |
| 39:12 | El_Warnersito · wall_segment Stone Wall x1 |
| 39:24 | El_Warnersito · wall_segment Stone Wall x5 |
| 40:27 | El_Warnersito · wall_segment Stone Wall x10 |
| 40:57 | El_Warnersito · first_building Archery Range |
| 41:31 | doyasan1_twitch · wall_segment Stone Wall x17 |
| 41:36 | doyasan1_twitch · wall_segment Stone Wall x30 |
| 41:46 | El_Warnersito · age_up imperial |
| 42:00 | doyasan1_twitch · wall_segment Stone Wall x20 |
| 43:07 | El_Warnersito · tribute_sent a jugador 1 |
| 43:07 | El_Warnersito · tribute_sent a jugador 2 |
| 43:07 | El_Warnersito · tribute_sent a jugador 3 |
| 43:07 | El_Warnersito · tribute_sent a jugador 5 |
| 43:07 | El_Warnersito · tribute_sent a jugador 6 |
| 43:07 | El_Warnersito · tribute_sent a jugador 7 |
| 43:07 | El_Warnersito · tribute_sent a jugador 8 |
| 44:30 | El_Warnersito · first_market_sell 500 wood |
[ AI ANALYSIS · 1 CREDIT ]
What really happened in this match?
Wolo.gg analyzes every decision: build order, eco, micro, common mistakes by bracket. Personalized analysis on WhatsApp or Discord in 30 seconds.
Civ guide
Cumans
Perfil
Jugador #677092